 Dungeon Crawl Stone Soup version 0.22-a0-565-gfc6459a (webtiles) character file.

244 Hebeh the Chopper (level 5, -17/47 HPs)
             Began as a Minotaur Fighter on June 28, 2018.
             Killed from afar by an orc (39 damage)
             ... with an exploding inner flame
             ... hexed by the player character
             ... on level 3 of the Dungeon.
             The game lasted 00:06:11 (1339 turns).

Hebeh the Chopper (Minotaur Fighter)                Turns: 1339, Time: 00:06:12

Health: -17/47     AC: 12    Str: 22    XL:     5   Next: 83%
Magic:  4/4        EV:  7    Int:  5    God:
Gold:   180        SH:  9    Dex:  9    Spells: 4/4 levels left

rFire    . . .     SeeInvis .   a - +0 war axe
rCold    . . .     Gourm    .   c - +0 shield
rNeg     . . .     Faith    .   p - +4 scale mail {rPois}
rPois    +         Spirit   .   (helmet restricted)
rElec    .         Reflect  .   (no cloak)
rCorr    .         Harm     +   q - +0 pair of gloves
MR       .....                  (no boots)
Stlth    ..........             m - amulet of harm
HPRegen  0.15/turn              (no ring)
MPRegen  0.09/turn              (no ring)

@: slowed, very slow
A: retaliatory headbutt, horns 2
a: no special abilities


You were on level 3 of the Dungeon.
You were not hungry.

You visited 1 branch of the dungeon, and saw 3 of its levels.

You collected 180 gold pieces.

Inventory:

Hand Weapons
 a - a +0 war axe (weapon)
Armour
 c - a +0 shield (worn)
 p - a +4 scale mail of poison resistance (worn)
 q - a +0 pair of gloves (worn)
Jewellery
 m - an amulet of harm (around neck)
Scrolls
 e - 5 scrolls of identify
 j - a scroll of fear {unknown}
 l - 2 scrolls of teleportation {unknown}
 r - a scroll of magic mapping {unknown}
Potions
 b - a potion of berserk rage {unknown}
 d - a potion of might
 i - a potion of curing {unknown}
 k - 2 potions of flight {unknown}
 n - a potion of brilliance {unknown}
 o - a potion of ambrosia {unknown}
Comestibles
 f - 9 rations
 g - 9 chunks of flesh


   Skills:
 + Level 4.8 Fighting
 * Level 5.1 Axes
 + Level 4.7 Armour
 + Level 4.8 Shields


You had 4 spell levels left.
You didn't know any spells.
Your spell library was empty.

Dungeon Overview and Level Annotations

Branches:
Dungeon (3/15)

Altars:

Annotations:
D:3 Jessica, Robin


Innate Abilities, Weirdness & Mutations

You reflexively headbutt those who attack you in melee.
You have a pair of horns on your head.


Message History

You barely resist. The orc hits you but does no damage.
The orc wizard mumbles some strange words.
The orc wizard blinks!
Robin roars a battlecry!
The goblins go into a battle-frenzy!
The orc closely misses you.
You hear a shout! x2
As you read the scroll of immolation, it crumbles to dust.
The creatures around you are filled with an inner flame!
Jessica points at you and mumbles some strange words.
You barely resist. You block the orc's attack.
The orc hits you but does no damage.
Unknown command.
You are too injured to fight recklessly!
You are too injured to fight recklessly!
You hit the orc but do no damage.
The orc explodes!
The fiery explosion engulfs you!
Ouch! That really hurt!
You die...

####### #..)..## #####
#####.###.<# #...# #
......###..#####.#.#.##
..............))§og...#
.#....###..#.#.@@§og..#
.#.#.......#.#####g.g....
.............. .o.....
.###...#####.## ##.....
..........##.. ##...
####...##.##.# ..
#.........##.# ##.# .
#......)..## ...#
#..........#######..#


You could see Robin (inner flame), an orc wizard (inner flame), Jessica (inner
flame), 2 orcs, a hobgoblin (inner flame) and 2 goblins.

Vanquished Creatures
  3 orc wizards (D:3)
  Terence (D:2)
  4 gnolls (D:2)
  2 adders
  An ooze (D:2)
  2 worms (D:2)
  A dart slug (D:2)
  A leopard gecko (D:1)
  5 orcs
  A ball python (D:1)
  10 bats
  A giant cockroach (D:3)
  7 hobgoblins
  2 quokkas
  7 frilled lizards
  5 goblins
  8 kobolds
  7 rats
68 creatures vanquished.

Notes
Turn   | Place    | Note
-------+----------+-------------------------------------------
     0 | D:1      | Hebeh the Minotaur Fighter began the quest for the Orb.
     0 | D:1      | Reached XP level 1. HP: 19/19 MP: 0/0
   172 | D:1      | Reached XP level 2. HP: 26/27 MP: 1/1
   439 | D:1      | Reached skill level 3 in Axes
   732 | D:2      | Reached XP level 3. HP: 28/33 MP: 2/2
   800 | D:2      | Reached XP level 4. HP: 30/40 MP: 3/3
   868 | D:2      | Noticed Terence
   879 | D:2      | Killed Terence
   879 | D:2      | Reached skill level 4 in Axes
  1178 | D:3      | Reached XP level 5. HP: 43/47 MP: 4/4
  1324 | D:3      | Noticed Jessica
  1331 | D:3      | Noticed Robin
  1335 | D:3      | Reached skill level 5 in Axes
  1339 | D:3      | Killed from afar by an orc

Vault maps used:
D:1:      matt_arrival_grand_opening
D:2:      first_ration, uniq_terence
D:3:      lemuel_upstairs_altar, uniq_jessica, uniq_robin

Skill      XL: |  1  2  3  4  5 |
---------------+----------------+-----
Axes           | 3 4 5 |  5.1
Fighting       | 4 |  4.8
Armour         | 4 |  4.7
Shields        | 4 |  4.8

Action                   |  1- 3 |  4- 6 || total
-------------------------+-------+-------++-------
Melee: War axe           |    82 |    81 ||   163
       Headbutt          |    13 |    10 ||    23
  Use: Scroll            |     2 |     2 ||     4
  Eat: Chunk             |       |     2 ||     2
Armor: Scale mail        |    19 |    38 ||    57
       Plate armour      |    29 |    20 ||    49
Dodge: Dodged            |    23 |    40 ||    63
Block: Shield            |    49 |    64 ||   113

Table legend:
 A = Spawn XP
 B = Non-spawn XP
 C = Spawn XP percentage of total XP
 D = Spawn monster count
 E = Non-spawn monster count
 F = Spawn count percentage of total count
 G = Total turns spent on level
                    A         B        C        D         E        F      G
               +---------+---------+-------+---------+---------+-------+---------
         Total |       0 |     349 |   0.0 |       0 |      68 |   0.0 |  1339
               +---------+---------+-------+---------+---------+-------+---------
           D:1 |       0 |      23 |   0.0 |       0 |      17 |   0.0 |   650
           D:2 |       0 |     158 |   0.0 |       0 |      30 |   0.0 |   528
           D:3 |       0 |     168 |   0.0 |       0 |      21 |   0.0 |   161
               +---------+---------+-------+---------+---------+-------+---------
